 Dungeon Crawl Stone Soup version 0.31-a0-1591-g515db51633 (webtiles) character file.

Game seed: 8973730282252334800

297366 jestert79 the Brawler (level 20, -20/183 HPs)
             Began as a Purple Draconian Delver on Jan 6, 2024.
             Was the Champion of Wu Jian.
             Killed from afar by Jory (44 damage)
             ... with a crystal spear
             ... on level 3 of the Vaults.
             The game lasted 05:23:19 (61924 turns).

jestert79 the Brawler (Purple Draconian Delver)    Turns: 61924, Time: 05:23:20

Health: -20/183    AC: 19    Str: 18    XL:     20   Next: 10%
Magic:  14/35      EV: 23    Int: 18    God:    Wu Jian [******]
Gold:   1486       SH: 11    Dex: 22    Spells: 4/42 levels left

rFire   + .          .
                       - Unarmed
rCold   + . .        P - +0 buckler {rN+}
rNeg    + + .        (body armour unavailable)
rPois   +            (helmet restricted)
rElec   .            h - +2 cloak {Stlth+}
rCorr   .            s - +2 pair of gloves {Str+3}
SInv    .            l - +2 pair of boots {Fly}
Will    ++++.        j - amulet of Vet Putt {Reflect rN+ Dex+3 Slay+2 SH+5}
Stlth   ++++         b - ring of Egenoali {rF+ rC+ Will+ Dex+5}
HPRegen 0.50/turn    X - ring of poison resistance
MPRegen 0.24/turn

%: reflection
@: mighty, flying
A: breathe power, AC +10, unfitting armour, cold-blooded
}: 2/15 runes: decaying, gossamer
a: Breathe Dispelling Energy, Renounce Religion, Wall Jump, Serpent's Lash,
Heavenly Storm


You were on level 3 of the Vaults.
You worshipped Wu Jian.
Wu Jian was exalted by your worship.
You visited 8 branches of the dungeon, and saw 35 of its levels.
You also visited: Gauntlet and Volcano.

You collected 3360 gold pieces.
You spent 1874 gold pieces at shops.

Inventory:

Missiles
 o - 15 boomerangs
 x - 4 curare-tipped darts (quivered)
 G - 3 throwing nets
Armour
 h - a +2 cloak of stealth (worn)
 l - a +2 pair of boots of flying (worn)
 s - a +2 pair of gloves of strength (worn)
 P - a +0 buckler of positive energy (worn)
Jewellery
 b - the ring of Egenoali (left hand) {rF+ rC+ Will+ Dex+5}
   (You bought it in a shop on level 1 of the Orcish Mines)

   [ring of protection from cold]

   Dex+5:     It affects your dexterity (+5).
   rF+:       It protects you from fire.
   rC+:       It protects you from cold.
   Will+:     It increases your willpower.
 i - a +5 ring of evasion
 j - the amulet of Vet Putt (around neck) {Reflect rN+ Dex+3 Slay+2 SH+5}
   (You found it in a Gauntlet)

   [amulet of reflection]

   Reflect:   It reflects blocked missile attacks.
   Dex+3:     It affects your dexterity (+3).
   Slay+2:    It affects your accuracy & damage with ranged weapons and melee
   (+2).
   rN+:       It protects you from negative energy.
   SH+5:      It affects your SH (+5).
 I - the ring of the Lily {Will+ Str-5 Int+4 SInv Stlth+}
   (You found it on level 10 of the Dungeon)

   [ring of see invisible]

   Str-5:     It affects your strength (-5).
   Int+4:     It affects your intelligence (+4).
   Will+:     It increases your willpower.
   SInv:      It lets you see invisible.
   Stlth+:    It makes you more stealthy.
 J - a ring of resist corrosion
 R - a ring of ice
 T - an amulet of the acrobat
 U - a +6 ring of strength
 X - a ring of poison resistance (right hand)
 Z - a ring of wizardry
Wands
 q - a wand of roots (22)
 y - a wand of flame (16)
 D - a wand of polymorph (14)
 E - a wand of paralysis (30)
 F - a wand of quicksilver (7)
 O - a wand of mindburst (21)
Scrolls
 a - 8 scrolls of fog
 c - 4 scrolls of fear
 e - a scroll of summoning
 f - 2 scrolls of blinking
 g - 2 scrolls of torment
 m - 16 scrolls of teleportation
 n - 2 scrolls of silence
 p - 3 scrolls of vulnerability
 C - 2 scrolls of enchant armour
 H - 10 scrolls of identify
 L - 3 scrolls of immolation
 Y - 4 scrolls of poison
Potions
 d - 6 potions of haste
 k - 3 potions of brilliance
 r - 11 potions of curing
 t - 7 potions of heal wounds
 u - 3 potions of resistance
 w - 3 potions of magic
 z - 7 potions of cancellation
 B - 2 potions of might
 K - 2 potions of mutation
 M - 4 potions of attraction
 N - 3 potions of enlightenment
 S - a potion of invisibility
 V - 5 potions of lignification
 W - 10 potions of ambrosia
Miscellaneous
 v - a phial of floods
 A - a phantom mirror
 Q - a condenser vane


   Skills:
 + Level 16.8 Fighting
 + Level 14.1 Dodging
 - Level 4.5 Stealth
 - Level 5.0 Shields
 + Level 17.7 Unarmed Combat
 + Level 11.5 Spellcasting
 - Level 10.0 Conjurations
 + Level 16.4 Hexes
 - Level 2.0 Translocations
 - Level 10.1 Air Magic
 - Level 7.0 Alchemy
 - Level 4.0 Evocations


You had 4 spell levels left.
You knew the following spells:

 Your Spells              Type           Power      Damage    Failure   Level
a - Yara's Violent Unrav  Hex/Alch       25%        3d11      1%          5
b - Vhi's Electric Charg  Tloc/Air       64%        N/A       7%          4
c - Arcjolt               Conj/Air       23%        1d33      3%          5
d - Airstrike             Air            23%        2d(4-20)  1%          4
e - Tukima's Dance        Hex            62%        N/A       1%          3
f - Enfeeble              Hex            31%        N/A       9%          7
g - Discord               Hex            31%        N/A       54%         8
h - Blink                 Tloc           34%        N/A       5%          2

Your spell library contained the following spells:

 Spells                   Type           Power      Damage    Failure   Level
 Slow                     Hex            100%       N/A       0%          1
 Jinxbite                 Hex            100%       N/A       0%          2
 Magic Dart               Conj           100%       1d8       1%          1
 Shock                    Conj/Air       100%       1d9       1%          1
 Cigotuvi's Dreadful Rot  Necr/Alch/Air  60%        N/A       1%          2
 Ensorcelled Hibernation  Hex/Ice        78%        N/A       1%          2
 Momentum Strike          Conj/Tloc      62%        3d9       1%          2
 Static Discharge         Conj/Air       92%        3-7/arc   1%          2
 Confusing Touch          Hex            62%        N/A       1%          3
 Sigil of Binding         Hex            62%        N/A       1%          3
 Swiftness                Air            47%        N/A       1%          3
 Cause Fear               Hex            31%        N/A       1%          4
 Dimensional Bullseye     Hex/Tloc       21%        N/A       1%          4
 Apportation              Tloc           34%        N/A       3%          1
 Stone Arrow              Conj/Erth      56%        3d10      3%          3
 Anguish                  Hex/Necr       19%        N/A       3%          4
 Lesser Beckoning         Tloc           34%        N/A       5%          2
 Summon Lightning Spire   Summ/Air       28%        N/A       11%         4
 Call Imp                 Summ           20%        N/A       13%         2
 Sublimation of Blood     Necr           10%        N/A       13%         2
 Ignite Poison            Fire/Alch      22%        N/A       21%         4
 Call Canine Familiar     Summ           10%        N/A       26%         3
 Passwall                 Erth           10%        N/A       26%         3
 Vampiric Draining        Necr           10%        2d6       26%         3
 Passage of Golubria      Tloc           17%        N/A       36%         4
 Summon Mana Viper        Hex/Summ       39%        N/A       9%          5
 Alistair's Intoxication  Alch           23%        N/A       13%         5
 Freezing Cloud           Conj/Ice/Air   17%        6-21      14%         5
 Conjure Ball Lightning   Conj/Air       23%        3x3d6     21%         6
 Summon Forest            Summ/Tloc      6%         N/A       83%         5
 Plasma Beam              Fire/Air       14%        2x1d25    85%         6
 Summon Cactus Giant      Summ           5%         N/A       100%        6
 Malign Gateway           Summ/Tloc      6%         N/A       100%        7
 Summon Hydra             Summ           5%         N/A       100%        7
 Disjunction              Tloc           8%         N/A       100%        8
 Lehudib's Crystal Spear  Conj/Erth      14%        10d5      100%        8
 Summon Horrible Things   Summ           5%         N/A       100%        8
 Animate Armour           Summ/Erth      Unusable   N/A       N/A         4

Dungeon Overview and Level Annotations

Branches:
Dungeon (15/15)            Temple (1/1) D:6            Lair (5/5) D:9
  Swamp (4/4) Lair:2       Spider (4/4) Lair:2        Slime (1/5) Lair:4
    Orc (2/2) D:11            Elf (0/3) Orc:2        Vaults (3/5) D:14
  Crypt (0/3) Vaults:2     Depths (0/4) D:15        Volcano (visited)
Gauntlet (visited)

Altars:
Ashenzari
Cheibriados
Dithmenos
Elyvilon
Fedhas
Gozag
Hepliaklqana
Kikubaaqudgha
Makhleb
Nemelex Xobeh
Okawaru
Qazlal
Ru
Sif Muna
Trog
Uskayaw
Vehumet
Wu Jian
Xom
Yredelemnul
Zin
The Shining One

Shops:
D:1 [   D:4 ?   D:5 [   D:10 [   D:14 [   D:15 =   Orc:1 =   Orc:2 *[:[
Vaults:2 *   Vaults:3 [

Portals:
Trove: Vaults:1 (show abyssal rune of Zot)

Annotations:
D:8 2 exclusions
D:12 3 runed translucent doors, Azaupp's ghost, weakling FoEE
Lair:3 exclusion: oklob plant
Swamp:1 2 transporters
Swamp:4 Lernaean hydra
Spider:4 Roxanne
Vaults:2 exclusion: downstairs
Vaults:3 Jory


Innate Abilities, Weirdness & Mutations

You can breathe bolts of dispelling energy.
Your rich purple scales are hard. (AC +10)
You cannot fit into any form of body armour.
You are cold-blooded and may be slowed by cold attacks.


Message History

Unknown command.
You hit Jory but do no damage.
Jory is heavily damaged.
The vault sentinel closely misses you.
Jory hits you with a +2 glaive of freezing!!!
* * * LOW HITPOINT WARNING * * *
Jory freezes you.
* * * LOW HITPOINT WARNING * * *
Jory bites you but does no damage.
Unknown command.
Unknown command.
You barely miss Jory.
Jory is heavily damaged.
The vault sentinel hits you but does no damage.
Jory gestures at you while chanting. The crystal spear misses you.
Unknown command.
Unknown command.
Casting: Arcjolt (mildly dangerous; 3% risk of failure)
Confirm with . or Enter, or press ? or * to list all spells.
Electricity surges outward!
Jory is struck by an electric surge!!
Jory is severely damaged.
The vault sentinel is struck by an electric surge!
The vault sentinel is moderately wounded.
You block the vault sentinel's attack.
Jory hits you with a +2 glaive of freezing!
* * * LOW HITPOINT WARNING * * *
Jory bites you.
* * * LOW HITPOINT WARNING * * *
Unknown command.
Unknown command.
Unknown command.
Unknown command.
You hit Jory but do no damage.
Jory is severely damaged.
You block the vault sentinel's attack. Jory casts a spell at you.
The crystal spear hits you!!!
You die...
Jory screams, "Yes, yes!"

... '.....# #.....# ######
#.....# #.....
#.....#############.#..#
#.....#...........#.....
#######.....#...........#.#..#
............#..)........'.....
........p...#@..........######
............#Vp.........#
............'...........#
............#####'#######
######'#######.......# #..
#.(.....# ....
#...>...######### #...#
#.......#........ .....
#.......'........


You could see Jory and a vault sentinel.

Vanquished Creatures
  Nikola (Swamp:2)
  Rupert (D:13)
  A sphinx (Vaults:2)
  Aizul (Spider:2)
  Kirke (D:15)
  A thorn hunter (Swamp:4)
  Louise (Swamp:2)
  4 vault wardens
  6 emperor scorpions (Spider:4)
  5 ghost moths
  10 ironbound preservers
  An orc warlord (Vaults:2)
  A formless jellyfish (Vaults:1)
  3 broodmothers (Spider:2)
  Nessos (D:13)
  4 ironbound thunderhulks
  2 eleionomae
  8 dire elephants
  3 bunyips
  3 spark wasps
  A minotaur (Gauntlet)
  An ettin (Vaults:2)
  3 fire dragons
  5 entropy weavers
  4 yaktaur captains
  2 great orbs of eyes (Vaults:1)
  5 vault guards
  An ice dragon (Spider:1)
  An ogre mage (D:15)
  5 ghost crabs
  A jorogumo (Spider:3)
  11 hydras
  3 catoblepae
  9 alligators
  A spriggan air mage (Swamp:4)
  3 merfolk avatars (Swamp:4)
  2 radroaches
  3 ironbound frosthearts
  11 centaur warriors
  11 boulder beetles
  7 two-headed ogres
  A vampire mage (Vaults:2)
  A tengu warrior (Gauntlet)
  4 death yaks (Lair:4)
  3 orc high priests (Orc:2)
  8 demonic crawlers
  7 pharaoh ants
  30 deep trolls
  4 spriggan druids
  5 skeletal warriors (D:15)
  A deep elf archer (D:14)
  10 orb spiders
  4 goliath frogs
  7 arcanists
  8 ironbound convokers
  A sun moth (Spider:1)
  11 lindwurms
  A phantasmal warrior (Vaults:1)
  4 bog bodies
  8 steelbarb worms
  12 swamp dragons
  A spectral hydra (Lair:2)
  5 orc knights
  14 wolf spiders
  2 deep elf pyromancers (D:14)
  A deep elf zephyrmancer (D:14)
  6 orc sorcerers
  7 cyclopes
  5 manticores
  33 ugly things
  2 moths of wrath
  2 will-o-the-wisps
  7 meliai
  7 elephants
  2 kobold blastminers (Orc:1)
  A guardian serpent (Lair:5)
  6 vault sentinels
  6 torpor snails
  25 cane toads
  12 black mambas
  2 gargoyles
  2 unseen horrors
  3 minotaur zombies (Gauntlet)
  2 kobold demonologists
  4 rime drakes
  4 tengu conjurers
  9 komodo dragons
  7 yaktaurs
  5 trolls
  A queen bee (shapeshifter) (D:14)
  A queen bee (D:14)
  Grinder (D:5)
  2 polar bears (Lair:3)
  28 tarantellas
  7 tyrant leeches
  23 hornets
  34 jumping spiders
  A spectral elephant (Lair:2)
  20 blink frogs
  14 slime creatures
  18 spriggans
  20 culicivoras
  3 vampires (Vaults:2)
  2 wraiths
  54 yaks
  A spriggan (shapeshifter) (D:13)
  A shadow (D:11)
  A dancing weapon (Vaults:2)
  2 hogs (D:15)
  12 wyverns
  5 basilisks
  A human (shapeshifter) (D:13)
  A human (D:14)
  8 steam dragons
  55 redbacks
  A basilisk (shapeshifter) (D:14)
  17 vampire mosquitoes
  13 swamp worms
  3 acid dragons
  23 water moccasins
  2 hell hounds (Volcano)
  4 swamp drakes (Swamp:4)
  3 sky beasts (D:7)
  17 orc warriors
  4 black bears
  10 ogres
  5 boggarts (Vaults:3)
  4 laughing skulls
  A boggart (shapeshifter) (D:14)
  7 centaurs
  20 wolves
  3 phantoms (D:6)
  7 kobold brigands
  14 bullfrogs
  A gnoll sergeant (D:9)
  A spectral water moccasin (Lair:2)
  4 scorpions
  4 wights (D:8)
  26 killer bees
  A howler monkey (D:13)
  3 electric eels
  A bombardier beetle (D:7)
  4 hounds
  8 jellies
  Crazy Yiuf (D:5)
  26 orc priests
  A sleepcap (D:4)
  2 iguanas
  49 orc wizards
  3 adders
  7 gnolls
  A shadow imp (D:8)
  4 white imps
  2 ufetubi (D:5)
  A dart slug (D:4)
  A ribbon worm (D:2)
  69 orcs
  11 ball pythons
  4 endoplasms
  6 giant cockroaches
  10 goblins
  7 hobgoblins
  5 jackals (D:3)
  34 kobolds
  6 quokkas
  5 bats
  5 frilled lizards
  6 rats
1253 creatures vanquished.

Vanquished Creatures (collateral kills)
  A yaktaur captain (Vaults:2)
  A vault guard (Vaults:1)
  A centaur warrior (D:14)
  An ironbound convoker (Vaults:2)
  2 orc knights (D:14)
  2 yaktaurs (Vaults:1)
  A human (D:14)
  A redback (Spider:1)
  2 orc warriors (D:14)
  3 orcs
15 creatures vanquished.

Vanquished Creatures (others)
  2 bloated husks (Swamp:2)
  A hornet (Swamp:1)
  A slime creature (D:15)
  3 spriggans
  5 humans (D:15)
  A redback (Spider:2)
  15 dancing weapons
  An orc (Orc:2)
  6 foxfires (Swamp:3)
35 creatures vanquished.

Grand Total: 1303 creatures vanquished

Notes
Turn   | Place    | Note
-------+----------+-------------------------------------------
     0 | D:5      | jestert79 the Draconian Delver began the quest for the Orb.
     0 | D:5      | Reached XP level 1. HP: 19/19 MP: 1/1
    27 | D:5      | Noticed a scorpion
    72 | D:4      | Noticed a sleepcap
    89 | D:4      | Found Vyelic's Magic Scroll Emporium.
   148 | D:4      | Noticed an orc priest
   150 | D:4      | Noticed an orc wizard
   203 | D:2      | Reached XP level 2. HP: 26/26 MP: 2/2
   466 | D:1      | Reached skill level 3 in Unarmed Combat
   688 | D:1      | Found Paizak's Armour Shop.
   939 | D:2      | Reached XP level 3. HP: 30/31 MP: 3/3
  1539 | D:3      | Reached skill level 4 in Unarmed Combat
  1734 | D:3      | Found a faded altar of an unknown god.
  1774 | D:3      | Reached XP level 4. HP: 38/38 MP: 4/4
  2164 | D:3      | Found a bloodstained altar of Trog.
  2552 | D:4      | Reached skill level 5 in Unarmed Combat
  2567 | D:4      | Reached XP level 5. HP: 24/45 MP: 5/5
  2885 | D:4      | Reached skill level 6 in Unarmed Combat
  2885 | D:4      | Reached XP level 6. HP: 36/51 MP: 6/6
  3267 | D:5      | Reached skill level 7 in Unarmed Combat
  3354 | D:5      | Noticed a water moccasin
  3442 | D:5      | Noticed Grinder
  3463 | D:5      | Found a runed translucent door.
  3464 | D:5      | Noticed Crazy Yiuf
  3497 | D:5      | Your scales start taking on a rich purple colour.
  3497 | D:5      | Reached XP level 7. HP: 28/57 MP: 7/7
  3668 | D:1      | Bought a +0 pair of gloves of strength for 138 gold pieces
  3771 | D:4      | Bought a scroll of identify for 26 gold pieces
  3771 | D:4      | Bought a scroll of identify for 26 gold pieces
  3771 | D:4      | Bought a scroll of identify for 26 gold pieces
  3960 | D:5      | Reached skill level 8 in Unarmed Combat
  3968 | D:5      | Found Urghuuluu's Antique Armour Shop.
  3973 | D:5      | Found a glowing silver altar of Zin.
  3976 | D:5      | Found a shimmering altar of Xom.
  4017 | D:5      | Killed Grinder
  4084 | D:5      | Found a stormy altar of Qazlal.
  4131 | D:5      | Reached skill level 9 in Unarmed Combat
  4225 | D:5      | Learned a level 3 spell: Confusing Touch
  4304 | D:5      | Reached XP level 8. HP: 63/63 MP: 8/8
  4436 | D:5      | Found a hazy altar of Hepliaklqana.
  4439 | D:5      | Found a radiant altar of Vehumet.
  4442 | D:5      | Found a sparkling altar of Nemelex Xobeh.
  4478 | D:5      | Killed Crazy Yiuf
  4479 | D:5      | Reached skill level 1 in Spellcasting
  4479 | D:5      | Reached skill level 1 in Hexes
  4596 | D:6      | Found a blossoming altar of Fedhas.
  4990 | D:6      | Found a staircase to the Ecumenical Temple.
  5001 | Temple   | Entered the Ecumenical Temple
  5027 | Temple   | Became a worshipper of the Wu Jian Council
  5120 | D:6      | Reached skill level 5 in Fighting
  5634 | D:7      | Reached XP level 9. HP: 74/74 MP: 12/12
  5682 | D:7      | Reached skill level 10 in Unarmed Combat
  6002 | D:7      | Identified the +5 whip "Inytoelu" {flame, rElec Str+2 Dex+3
                  | Stlth+}
  6535 | D:8      | Reached * piety under Wu Jian
  6719 | D:8      | Reached skill level 5 in Hexes
  6822 | D:8      | Reached skill level 11 in Unarmed Combat
  6832 | D:8      | Reached skill level 5 in Dodging
  7349 | D:8      | Reached XP level 10. HP: 84/84 MP: 13/13
  7792 | D:9      | Found a staircase to the Lair.
  8152 | D:9      | Reached ** piety under Wu Jian
  8285 | D:9      | Reached skill level 12 in Unarmed Combat
  8505 | D:9      | Reached skill level 1 in Evocations
  8885 | D:10     | Entered Level 10 of the Dungeon
  9165 | D:10     | Identified the ring of the Lily {Will+ Str-5 Int+4 SInv
                  | Stlth+}
  9179 | D:10     | Reached XP level 11. HP: 94/94 MP: 14/14
  9379 | D:10     | Noticed a two-headed ogre
  9397 | D:10     | Killed a two-headed ogre
  9453 | D:10     | Found Xaoph's Antique Armour Shop.
  9629 | D:11     | Reached *** piety under Wu Jian
  9633 | D:11     | Found a staircase to the Orcish Mines.
  9691 | D:11     | Noticed a sixfirhy
  9923 | D:11     | Noticed Sonja
  9925 | D:11     | Sonja changed into Sonja the rime drake
  9925 | D:11     | Noticed Sonja
 10426 | D:11     | Noticed a deep elf pyromancer
 10427 | D:11     | a deep elf pyromancer changed into a culicivora
 10568 | D:11     | Killed Sonja the rime drake
 10673 | D:11     | Noticed a boulder beetle
 10686 | D:11     | Killed a boulder beetle
 11039 | D:12     | Noticed a two-headed ogre
 11189 | D:12     | Found a runed translucent gate.
 11190 | D:12     | Found a runed translucent gate.
 11191 | D:12     | Found a runed translucent gate.
 11191 | D:12     | Noticed a phantasmal warrior
 11193 | D:12     | Noticed Azaupp's ghost (weakling FoEE)
 11276 | D:12     | Noticed a two-headed ogre
 11289 | D:12     | Killed a two-headed ogre
 11358 | D:12     | Reached skill level 13 in Unarmed Combat
 11572 | D:12     | Killed a two-headed ogre
 11573 | D:12     | Reached skill level 10 in Fighting
 11633 | D:12     | Noticed a boulder beetle
 11669 | D:12     | Killed a boulder beetle
 11891 | D:12     | Reached XP level 12. HP: 99/106 MP: 12/15
 11989 | D:13     | Noticed a boulder beetle
 11999 | D:13     | Killed a boulder beetle
 12020 | D:13     | Upgraded the game from 0.31-a0-1589-g8f5e8aebd6 to
                  | 0.31-a0-1591-g515db51633
 12048 | D:13     | Noticed a two-headed ogre
 12061 | D:13     | Killed a two-headed ogre
 12100 | D:13     | Learned a level 4 spell: Vhi's Electric Charge
 12218 | D:10     | Bought a glowing buckler for 225 gold pieces
 12247 | Lair:1   | Entered Level 1 of the Lair of Beasts
 12411 | Lair:1   | Reached **** piety under Wu Jian
 12458 | Lair:1   | Reached skill level 1 in Translocations
 12458 | Lair:1   | Reached skill level 1 in Air Magic
 12539 | Lair:1   | Reached skill level 1 in Shields
 13038 | Lair:1   | Learned a level 5 spell: Arcjolt
 13445 | Lair:1   | Reached skill level 1 in Conjurations
 13955 | Lair:2   | Noticed a ghost crab
 14675 | Lair:2   | You fall into a shaft and drop 1 floor!
 14837 | Lair:2   | Reached XP level 13. HP: 109/116 MP: 11/18
 14840 | Lair:2   | Reached ***** piety under Wu Jian
 15036 | Lair:2   | Found a hole to the Spider Nest.
 15731 | Lair:3   | Reached skill level 5 in Air Magic
 15834 | Lair:3   | Identified the +1 chain mail of Teani {Dex+2 SInv}
 16139 | Lair:3   | Reached skill level 5 in Conjurations
 16298 | Lair:3   | Reached skill level 14 in Unarmed Combat
 16758 | Lair:4   | Found a staircase to the Slime Pits.
 17836 | Lair:5   | Entered Level 5 of the Lair of Beasts
 17893 | Slime:1  | Entered Level 1 of the Pits of Slime
 17893 | Slime:1  | Noticed an acid blob
 17893 | Slime:1  | Noticed a rockslime
 18262 | Lair:5   | Identified a scroll of acquirement
 18263 | Lair:5   | Acquired an amulet of the acrobat
 18429 | Lair:5   | Reached ****** piety under Wu Jian
 18454 | Lair:5   | Reached XP level 14. HP: 115/125 MP: 13/19
 18554 | Lair:5   | Reached skill level 5 in Shields
 19040 | Lair:4   | Reached skill level 10 in Dodging
 19126 | Lair:5   | Learned a level 4 spell: Airstrike
 19918 | Lair:5   | Learned a level 3 spell: Tukima's Dance
 20534 | Orc:1    | Entered Level 1 of the Orcish Mines
 20547 | Orc:1    | Found a dark tunnel.
 20557 | Volcano  | Entered a volcano
 21710 | Orc:1    | Found Daehiann's Jewellery Emporium.
 22095 | Orc:2    | Entered Level 2 of the Orcish Mines
 22166 | Orc:2    | Found a staircase to the Elven Halls.
 23317 | Orc:2    | Found Jott's Armour Shop.
 23317 | Orc:2    | Found Xiroxod's Armour Boutique.
 23321 | Orc:2    | Found Cyruad's Assorted Antiques.
 23326 | Orc:2    | Found Gaseratie's Book Shop.
 23644 | Orc:1    | Bought the ring of Egenoali {rF+ rC+ Will+ Dex+5} for 936
                  | gold pieces
 23825 | D:13     | Learned a level 5 spell: Yara's Violent Unravelling
 23877 | D:13     | Reached skill level 5 in Spellcasting
 24073 | D:13     | Noticed Rupert
 24535 | D:13     | Killed Rupert
 24536 | D:13     | Reached skill level 1 in Alchemy
 24959 | D:14     | Found Inteujud's Antique Armour Emporium.
 25017 | D:14     | Noticed Nessos
 25040 | D:13     | Killed Nessos
 25041 | D:13     | Reached XP level 15. HP: 121/134 MP: 9/23
 26726 | Orc:1    | Bought a ring of poison resistance for 340 gold pieces
 26965 | Lair:2   | Found a staircase to the Swamp.
 27145 | Swamp:1  | Entered Level 1 of the Swamp
 27196 | Swamp:1  | Found a transporter.
 27640 | Swamp:1  | Found a transporter.
 27913 | Swamp:1  | Reached skill level 5 in Alchemy
 27913 | Swamp:1  | Reached XP level 16. HP: 137/137 MP: 25/27
 28713 | Swamp:2  | Identified the +7 tower shield of Cowardice {rElec rC+
                  | Will++ SInv}
 28713 | Swamp:2  | Noticed Louise
 28713 | Swamp:2  | Noticed Nikola
 28957 | Spider:1 | Entered Level 1 of the Spider Nest
 28977 | Spider:1 | Reached skill level 10 in Air Magic
 30477 | Spider:1 | Reached skill level 10 in Conjurations
 31759 | Spider:1 | Reached skill level 15 in Unarmed Combat
 32156 | Spider:1 | Reached skill level 10 in Hexes
 32223 | Spider:1 | Learned a level 7 spell: Enfeeble
 33118 | Spider:2 | Reached XP level 17. HP: 105/150 MP: 29/29
 33909 | Spider:2 | Identified the serpent talisman of Hubris {Dex+5}
 33909 | Spider:2 | Noticed Aizul
 33928 | Spider:2 | Killed Aizul
 40015 | Spider:4 | Entered Level 4 of the Spider Nest
 40015 | Spider:4 | Noticed Roxanne
 40245 | Spider:4 | Identified the +6 scale mail of the Game of Life {Int+4}
 43265 | Spider:4 | Got a gossamer rune of Zot
 44059 | Swamp:2  | Killed Nikola
 44060 | Swamp:2  | Reached skill level 16 in Unarmed Combat
 44563 | Swamp:2  | Reached XP level 18. HP: 161/161 MP: 22/31
 44717 | Swamp:2  | Killed Louise
 45686 | Swamp:3  | Reached skill level 10 in Spellcasting
 46549 | Swamp:4  | Entered Level 4 of the Swamp
 47646 | Swamp:4  | Paralysed by a hornet for 2 turns
 48223 | Swamp:4  | Reached skill level 15 in Fighting
 48986 | Swamp:4  | Noticed the 27-headed Lernaean hydra
 49314 | Swamp:4  | Got a decaying rune of Zot
 50706 | D:14     | Found a gate to the Vaults.
 51063 | D:15     | Entered Level 15 of the Dungeon
 51073 | D:15     | Found Ufoafo's Jewellery Emporium.
 51124 | D:15     | Noticed Kirke
 51135 | D:15     | Killed Kirke
 51189 | D:15     | Found a gate leading to a gauntlet.
 51195 | Gauntlet | Entered a Gauntlet
 51195 | Gauntlet | Found a runed translucent door.
 51195 | Gauntlet | Found a transporter.
 51195 | Gauntlet | Found a runed translucent door.
 51195 | Gauntlet | Found a transporter.
 51364 | Gauntlet | Found a transporter.
 51368 | Gauntlet | Found a transporter.
 51376 | Gauntlet | Found a transporter.
 51380 | Gauntlet | Found a transporter.
 51390 | Gauntlet | Found a transporter.
 51408 | Gauntlet | Found a transporter.
 51425 | Gauntlet | Found a transporter.
 51429 | Gauntlet | Found a transporter.
 51430 | Gauntlet | Found a runed translucent door.
 51525 | Gauntlet | Found a transporter.
 51526 | Gauntlet | Found a transporter.
 51741 | Gauntlet | Identified the amulet of Vet Putt {Reflect rN+ Dex+3 Slay+2
                  | SH+5}
 51974 | Gauntlet | Identified the staff of Loomiurr {rF+ Fire Alchemy}
 53215 | D:15     | Found a staircase to the Depths.
 53791 | D:15     | Reached XP level 19. HP: 167/172 MP: 33/33
 53905 | Vaults:1 | Entered Level 1 of the Vaults
 54091 | D:14     | Learned a level 8 spell: Discord
 54094 | D:14     | Learned a level 2 spell: Blink
 54140 | Vaults:1 | Reached skill level 17 in Unarmed Combat
 54171 | Vaults:1 | Reached skill level 15 in Hexes
 54847 | Vaults:1 | Paralysed by a formless jellyfish for 1 turns
 56421 | Vaults:1 | Found a portal to a secret trove of treasure.
 59328 | Vaults:2 | Found Lymealyo's General Store.
 59336 | Vaults:2 | Bought a scroll of blinking for 157 gold pieces
 59547 | Vaults:2 | Found a staircase to the Crypt.
 60686 | Vaults:3 | Found Risich's Armour Shoppe.
 60710 | Vaults:2 | Reached XP level 20. HP: 98/182 MP: 5/35
 61651 | Vaults:3 | Noticed Jory
 61924 | Vaults:3 | Killed from afar by Jory

Illustrated notes

Levels and vault maps discovered:
D:1:      mrwooster_arrival_statue_2, layout_basic, serial_shops, shop
D:2:      minmay_alternating_diamond, layout_rooms,
          chequers_serial_rivers_micro_a, reono_crystal_passage,
          minmay_distorted
D:3:      layout_basic, trog_hazing_becter, basic_ecumenical_altar
D:4:      layout_rooms, gup_sewer_entry_pipe, serial_shops,
          nicolae_shop_real_fake_doors, enter_ossuary_2
D:5:      minmay_angry_zag, layout_basic, minitemple, serial_shops, shop,
          uniq_grinder, uniq_eustachio, uniq_crazy_yiuf_cottage
D:6:      layout_rooms, mainiacjoe_overflow_24_doors, temple_hall
D:7:      layout_basic
D:8:      kennysheep_windowed_halls, layout_cave_pods, amcnicky_mini_pool_small
D:9:      layout_loops_cross, erik_lair_orcish_takeover
D:10:     layout_irregular_city, serial_shops, shop
D:11:     layout_cave_pods, orc_0_dummy, uniq_sonja
D:12:     layout_loops_cross, gammafunk_ghost_spectres
D:13:     layout_irregular_city, uniq_rupert
D:14:     nzn_winding_woodlands_cross [nzn_winding_woodlands_5x15_lazy_stream,
          nzn_winding_woodlands_5x15_longhouse,
          nzn_winding_woodlands_5x15_sidewinder,
          nzn_winding_woodlands_5x15_crooked,
          nzn_winding_woodlands_15x15_killbox], layout_loops_ring,
          grunt_vaults_entry_fortified, special_room [special_room_bee],
          serial_shops, shop, uniq_nessos
D:15:     grunt_enter_depths_hoard, layout_loops_cross, serial_shops,
          shop_statue, hangedman_decor_riveting, gauntlet_entry_generic,
          eino_small_chamber_without_monster, uniq_kirke
Temple:   nicolae_temple_two_arcs
Lair:1:   layout_gridlike, grunt_megastairs_1, infiniplex_staircase_pool
Lair:2:   layout_regular_city, nicolae_swamp_entry_spooky,
          hellmonk_spider_entry_not_the_bees, grunt_megastairs_5
Lair:3:   layout_regular_city, beast_lair_carwin_10
Lair:4:   layout_loops_ring, nicolae_slime_entry_field_trip
Lair:5:   hangedman_lair_tendril_chambers, layout_layer_cave, minivault_26
Swamp:1:  gammafunk_worm_tunnel, layout_falls_marsh,
          evilmike_swamp_ruin_rubble_1
Swamp:2:  layout_basic_swamp, evilmike_swamp_ruin_rubble_2,
          nicolae_swamp_tree_isthmus, uniq_louise, uniq_nikola
Swamp:3:  layout_basic_swamp, evilmike_swamp_ruin_house_4, swamp_pool_4,
          infiniplex_staircase_pool_2
Swamp:4:  swamp_old_school, layout_basic_swamp, grunt_lady_of_the_lake
Spider:1: layout_spider_delve
Spider:2: cheibrodos_forgotten_conduit, portal_ice_cave_entry_dragon, drop_trap,
          hellmonk_spider_spawner, uniq_aizul
Spider:3: layout_spider_delve, drop_trap
Spider:4: grunt_spider_rune_circles, nicolae_spider_undead_wolf_pack,
          uniq_arachne, uniq_roxanne
Slime:1:  layout_caves
Orc:1:    nicolae_orc_accident_3, layout_diamond_mine,
          nicolae_volcano_entry_s_turn, serial_shops, shop
Orc:2:    st_orc_mages, layout_caves, lightli_orcish_oven
Vaults:1: nicolae_vaults_cornered_office, hangedman_vaults_corner,
          v_alt_pattern_3, vaults_room_octagon, ontoclasm_vaults_ligature,
          nicolae_vaults_gold_heap, vaults_room_fancy_cross, v_misc_32,
          v_rooms_2, nicolae_vaults_trapezoid_lopsided_2, layout_vaults_omnibox,
          enter_trove_2
Vaults:2: minmay_crypt_entry_vampire_xt, nicolae_vaults_mini_display_case,
          nicolae_vaults_trapezoid_4, vaults_room_door_hall,
          nicolae_vaults_door_testing_chamber, hangedman_vaults_capsules,
          nicolae_vaults_stepped_doors, vaults_room_pools,
          ontoclasm_vaults_misaligned, v_misc_5, st_cells,
          layout_vaults_omnicross, serial_shops, nicolae_shop_waterfront
Vaults:3: ontoclasm_vaults_gateway, nicolae_vaults_octagons,
          nicolae_vaults_three_branches, vaults_room_octagon,
          nicolae_vaults_asterisk, nicolae_vaults_house_2,
          nicolae_vaults_closet_pinwheel_2, vaults_room_ringed_pool,
          nicolae_vaults_trapezoid_lopsided_2, nicolae_vaults_what_the_h,
          nicolae_vaults_variable_pillar_hall, nicolae_vaults_prndl,
          nicolae_vaults_taking_the_gang_shopping, layout_vaults_ring,
          serial_shops, shop, uniq_jory, uniq_margery, uniq_bai_suzhen

Skill      XL: |  1  2  3  4  5  6  7  8  9 10 11 12 13 14 15 16 17 18 19 |
---------------+----------------------------------------------------------+-----
Unarmed Combat | 3 4 5 6 7 9 11 12 13 14 15 16 17 | 17.7
Dodging        | 2 3 5 6 8 9 10 11 12 13 14 | 14.1
Spellcasting   | 2 3 5 7 8 9 10 11 | 11.5
Hexes          | 3 5 7 9 10 11 14 16 | 16.4
Fighting       | 5 6 8 10 11 12 13 14 15 16 | 16.8
Evocations     | 1 4 |  4.0
Translocations | 2 |  2.0
Air Magic      | 4 7 9 10 | 10.1
Shields        | 3 4 5 |  5.0
Conjurations   | 3 6 9 10 | 10.0
Alchemy        | 2 5 6 7 |  7.0
Stealth        | |  4.5

Action                     |  1- 3 |  4- 6 |  7- 9 | 10-12 | 13-15 | 16-18 | 19-21 || total
---------------------------+-------+-------+-------+-------+-------+-------+-------++-------
  Melee: Unarmed           |   129 |   187 |   291 |   773 |  1396 |  1951 |   813 ||  5540
         Tailslap          |    16 |    24 |    40 |   178 |   286 |   445 |   214 ||  1203
         Punch             |     2 |     8 |    12 |    46 |       |       |       ||    68
  Throw: Dart              |       |     1 |     1 |    20 |    21 |    33 |     3 ||    79
   Cast: Confusing Touch   |       |       |     6 |    72 |    60 |       |       ||   138
         Airstrike         |       |       |       |       |    39 |   206 |       ||   245
         Tukima's Dance    |       |       |       |       |    48 |     7 |    41 ||    96
         Arcjolt           |       |       |       |       |    11 |   163 |    38 ||   212
         Vhi's Electric Ch |       |       |       |       |     2 |     3 |       ||     5
         Yara's Violent Un |       |       |       |       |       |     7 |    22 ||    29
         Enfeeble          |       |       |       |       |       |     1 |    47 ||    48
 Invoke: Serpent's Lash    |       |       |       |       |     1 |     1 |       ||     2
Ability: Breathe Dispellin |       |       |     8 |     9 |     3 |     3 |     2 ||    25
         Lunge             |       |       |    17 |    59 |    92 |    87 |    41 ||   296
         Whirlwind         |       |       |     9 |    18 |    89 |    61 |    24 ||   201
  Evoke: Wand              |       |       |       |     6 |     4 |    37 |     1 ||    48
         Condenser vane    |       |       |       |       |     1 |     1 |       ||     2
    Use: Potion            |       |     6 |     1 |       |     5 |    15 |     2 ||    29
         Scroll            |       |       |     6 |    15 |    10 |    14 |       ||    45
   Stab: Sleeping          |    10 |     4 |     6 |     9 |     8 |    11 |     1 ||    49
         Distracted        |       |     1 |     1 |     2 |     2 |     6 |     2 ||    14
         Confused          |       |       |     4 |    44 |    43 |       |       ||    91
         Paralysed         |       |       |       |     9 |       |    16 |       ||    25
         Invisible         |       |       |       |       |       |       |    33 ||    33
 Armour: Skin              |    44 |    73 |   132 |   236 |   555 |  1645 |   355 ||  3040
  Dodge: Dodged            |    97 |   136 |   195 |   481 |   799 |  1894 |   484 ||  4086
  Block: Buckler           |       |       |       |    46 |   231 |   654 |   368 ||  1299
         Reflection        |       |       |       |       |       |       |    22 ||    22

Table legend: (Time is in decaauts)
 A = Elapsed time spent in this place.
 B = Non-inter-level travel time spent in this place.
 C = Inter-level travel time spent in this place.
 D = Time resting spent in this place.
 E = Time spent auto-exploring this place.
 F = Levels seen in this place.
 G = Mean time per level.
                   A        B        C        D        E       F      G
               +--------+--------+--------+--------+--------+-----+--------+
         Total |  60992 |  57015 |   3977 |  23624 |  13616 |  37 | 1648.4 |
       Dungeon |  18811 |  17230 |   1581 |   3954 |   8352 |  15 | 1254.1 |
        Temple |     35 |     27 |      8 |      0 |      0 |   1 |   35.0 |
          Lair |   9541 |   8877 |    664 |   2830 |   2118 |   5 | 1908.2 |
         Swamp |   7198 |   6879 |    319 |   3202 |   1348 |   4 | 1799.5 |
   Spider Nest |  14022 |  13456 |    566 |   9258 |    661 |   4 | 3505.5 |
    Slime Pits |      1 |      1 |      0 |      0 |      0 |   1 |    1.0 |
  Orcish Mines |   2036 |   1716 |    320 |    472 |    232 |   2 | 1018.0 |
        Vaults |   7423 |   6906 |    517 |   2825 |    772 |   3 | 2474.3 |
       Volcano |    916 |    916 |      0 |    600 |      1 |   1 |  916.0 |
      Gauntlet |   1005 |   1005 |      0 |    480 |    131 |   1 | 1005.0 |
               +--------+--------+--------+--------+--------+-----+--------+

Top non-repeatable levels by time:
Spider:2: 5740 daAuts
Vaults:1: 3912 daAuts
Spider:1: 3882 daAuts
  Lair:2: 3110 daAuts
    D:14: 3083 daAuts
Vaults:2: 2852 daAuts
 Swamp:4: 2771 daAuts
Spider:4: 2233 daAuts
Spider:3: 2165 daAuts
 Swamp:2: 1988 daAuts
  Lair:5: 1903 daAuts
    D:15: 1667 daAuts
    D:13: 1598 daAuts
  Lair:4: 1586 daAuts
    D:11: 1504 daAuts
